 Dungeon Crawl Stone Soup version 0.31-a0-37-g98a128e1d9 (webtiles) character file.

Game seed: 5468218630639650093

4135 pk666 the Thaumaturge (level 10, -3/50 HPs)
             Began as a Deep Elf Fire Elementalist on May 16, 2023.
             Was a Believer of Vehumet.
             Slain by a troll (11 damage)
             ... on level 8 of the Dungeon.
             The game lasted 00:20:50 (8738 turns).

pk666 the Thaumaturge (Deep Elf Fire Elementalist)  Turns: 8738, Time: 00:20:53

Health: -3/50      AC:  8    Str:  5    XL:     10   Next: 6%
Magic:  23/35      EV: 16    Int: 25    God:    Vehumet [**....]
Gold:   500        SH:  0    Dex: 15    Spells: 22/29 levels left

rFire   . . .        k - staff of conjuration
rCold   + . .        (no shield)
rNeg    . . .        A - +2 robe {rC+}
rPois   .            (no helmet)
rElec   .            u - +1 cloak
rCorr   .            e - +0 pair of gloves
SInv    .            l - +0 pair of boots
Will    +....        (no amulet)
Stlth   ++           d - ring of magical power
HPRegen 0.28/turn    (no ring)
MPRegen 0.24/turn

%: no passive effects
@: no status effects
A: no striking features
a: Renounce Religion


You were on level 8 of the Dungeon.
You worshipped Vehumet.
Vehumet was pleased with you.
You visited 2 branches of the dungeon, and saw 9 of its levels.

You collected 500 gold pieces.

Inventory:

Hand Weapons
 a - a +2 dagger of electrocution
Armour
 e - a +0 pair of gloves (worn)
 l - a +0 pair of boots (worn)
 o - a +1 robe of willpower
 u - a +1 cloak (worn)
 A - a +2 robe of cold resistance (worn)
Magical Staves
 k - a staff of conjuration (weapon)
Jewellery
 d - a ring of magical power (left hand)
 y - a +4 ring of slaying
Wands
 w - a wand of flame (13)
Scrolls
 f - 3 scrolls of enchant weapon
 i - a scroll of blinking {unknown}
 m - 2 scrolls of fog
 p - 2 scrolls of enchant armour {unknown}
 r - a scroll of amnesia {unknown}
 t - a scroll of poison {unknown}
 v - 4 scrolls of teleportation {unknown}
 x - 2 scrolls of fear {unknown}
 B - a scroll of magic mapping {unknown}
Potions
 b - 3 potions of magic
 c - 7 potions of curing
 g - 3 potions of lignification
 h - 4 potions of heal wounds
 j - a potion of resistance {unknown}
 n - 2 potions of might {unknown}
 q - 2 potions of flight {unknown}
 s - a potion of brilliance {unknown}
 z - a potion of invisibility {unknown}


   Skills:
 - Level 9.0 Dodging
 - Level 2.4 Stealth
 + Level 10.0 Spellcasting
 + Level 8.2 Conjurations
 - Level 8.5 Fire Magic


You had 22 spell levels left.
You knew the following spells:

 Your Spells              Type           Power      Damage    Failure   Level
a - Foxfire               Conj/Fire      100%       2x1d9     1%          1
b - Scorch                Fire           100%       2d9       1%          2
c - Flame Wave            Conj/Fire      69%        2d16      1%          4

Your spell library contained the following spells:

 Spells                   Type           Power      Damage    Failure   Level
 Freeze                   Ice            48%        1d6       4%          1
 Sticky Flame             Conj/Fire      69%        2d8       1%          4
 Dazzling Flash           Conj/Hex       98%        N/A       2%          3
 Inner Flame              Hex/Fire       34%        N/A       2%          3
 Volatile Blastmotes      Fire/Tloc      68%        2d15      2%          3
 Beastly Appendage        Tmut           24%        N/A       4%          1
 Cigotuvi's Dreadful Rot  Necr/Pois/Air  24%        N/A       8%          2
 Wereblood                Tmut           12%        N/A       8%          2
 Iskenderun's Mystic Bla  Conj/Tloc      49%        2d11      9%          4
 Spider Form              Tmut/Pois      12%        N/A       14%         3
 Summon Guardian Golem    Hex/Summ       12%        N/A       14%         3
 Vhi's Electric Charge    Tloc/Air       24%        N/A       14%         3
 Starburst                Conj/Fire      34%        6d10      24%         6
 Arcjolt                  Conj/Air       24%        1d34      26%         5
 Dispel Undead            Necr           12%        3d9       43%         4
 Orb of Destruction       Conj           34%        9d10      82%         7
 Death Channel            Necr           6%         N/A       100%        6
 Spellforged Servitor     Conj/Summ      24%        N/A       100%        7
 Maxwell's Capacitive Co  Air            6%         ∞         100%        8


Dungeon Overview and Level Annotations

Branches:
Dungeon (8/15)             Temple (1/1) D:5
   Lair: D:8-11

Altars:
Cheibriados
Dithmenos
Elyvilon
Fedhas
Gozag
Hepliaklqana
Kikubaaqudgha
Makhleb
Nemelex Xobeh
Okawaru
Qazlal
Ru
Sif Muna
Trog
Uskayaw
Vehumet
Wu Jian
Yredelemnul
Zin
The Shining One

Annotations:
D:3 2 runed translucent doors, lmonn's ghost, weakling MiFi


Message History

The troll is heavily wounded.
The flame wave engulfs the jelly!
The jelly is heavily wounded.
The jelly closely misses you. The troll bites you! The troll claws you.
The troll claws you!
A wave of flame ripples out!
The flame wave engulfs the troll!
The troll is almost dead.
The flame wave engulfs the jelly!!
You kill the jelly!
Vehumet accepts your kill.
You feel your power returning.
You finish channelling waves of flame.
A wight comes into view. It is wielding a +4 battleaxe.
The troll closely misses you. x2; The troll barely misses you.
The troll bites you but does no damage. The troll claws you.
The troll closely misses you.
Casting: Flame Wave (dangerous; 1% risk of failure)
Confirm with . or Enter, or press ? or * to list all spells.
Flames lash the wight.
The wight is severely damaged.
The wight's fire resistance burns away.
The troll bites you!
* * * LOW HITPOINT WARNING * * *
The troll closely misses you. The troll claws you.
* * * LOW HITPOINT WARNING * * *
You feel much better. The troll bites you. The troll barely misses you.
The troll claws you!
* * * LOW HITPOINT WARNING * * *
Casting: Scorch (safe; 1% risk of failure)
Confirm with . or Enter, or press ? or * to list all spells.
Flames lash the wight.
The wight is burned terribly!
You destroy the wight!
Vehumet accepts your kill. The troll barely misses you.
The troll completely misses you. The troll closely misses you.
Casting: Scorch (safe; 1% risk of failure)
Confirm with . or Enter, or press ? or * to list all spells.
Flames lash the troll.
The troll is severely wounded.
The troll's fire resistance burns away.
The troll closely misses you. The troll claws you!
You die...

#......................#
.#..#.#............<...#
..................###.<#
........................#
.~..................#..##
.†~...................##
.~~.~.......†.........#
~≈≈~...$..............#
≈≈≈~........z)@.....###
≈≈≈..........T.....##
~~~..........#.###.#
.§~~............. ..#
.h≈~.......##......
.~≈≈~......#........
~[~~≈......#...##..#
≈.......[.... ### ~......
.##


You could see a troll (combustible) and a wight.

Vanquished Creatures
  A freezing wraith (D:7)
  A meliai (shapeshifter) (D:7)
  Grinder (D:5)
  Sigmund (D:6)
  A steam dragon (D:7)
  Edmund (D:5)
  3 water moccasins
  A sky beast (D:8)
  An orc warrior (D:7)
  6 ice beasts
  4 ogres
  A black bear (D:7)
  A phantom (D:7)
  2 kobold brigands
  A bullfrog (D:7)
  A gnoll sergeant (D:6)
  2 wights
  A killer bee (D:7)
  An electric eel (D:8)
  2 jellies
  An orc priest (D:7)
  2 gnoll boudas
  7 hounds
  Jessica (D:2)
  2 sleepcaps
  Ijyb (D:5)
  3 iguanas
  3 orc wizards
  Robin (D:2)
  20 gnolls
  4 adders
  3 white imps
  2 ufetubi
  5 worms
  2 dart slugs
  19 orcs
  7 ball pythons
  11 bats
  8 endoplasms
  5 giant cockroaches
  18 goblins
  16 hobgoblins
  6 quokkas
  3 frilled lizards
  6 kobolds
  5 rats
194 creatures vanquished.

Vanquished Creatures (others)
  390 foxfires
390 creatures vanquished.

Grand Total: 584 creatures vanquished

Notes
Turn   | Place    | Note
-------+----------+-------------------------------------------
     0 | D:1      | pk666 the Deep Elf Fire Elementalist began the quest for
                  | the Orb.
     0 | D:1      | Reached XP level 1. HP: 10/10 MP: 6/6
   288 | D:1      | Reached XP level 2. HP: 15/15 MP: 5/8
   332 | D:1      | Learned a level 2 spell: Scorch
  1108 | D:2      | Noticed Robin
  1113 | D:1      | Reached XP level 3. HP: 19/19 MP: 10/10
  1370 | D:2      | Found an iron altar of Okawaru.
  1383 | D:2      | Killed Robin
  1385 | D:2      | Identified the +2 leather armour of the Kettle-Drum {Str+3}
  1388 | D:2      | Reached XP level 4. HP: 4/24 MP: 2/11
  1920 | D:2      | Noticed Jessica
  1925 | D:2      | Killed Jessica
  1926 | D:2      | Reached skill level 4 in Spellcasting
  2377 | D:3      | Reached XP level 5. HP: 10/28 MP: 13/13
  3082 | D:3      | Reached XP level 6. HP: 32/32 MP: 15/15
  3160 | D:3      | Found a runed translucent door.
  3165 | D:3      | Noticed lmonn's ghost (weakling MiFi)
  3250 | D:3      | Found a runed translucent door.
  3622 | D:4      | Reached skill level 5 in Spellcasting
  3868 | D:4      | Learned a level 4 spell: Flame Wave
  4163 | D:4      | Reached skill level 5 in Fire Magic
  4178 | D:4      | Reached skill level 5 in Dodging
  4343 | D:4      | Reached XP level 7. HP: 35/36 MP: 16/17
  4712 | D:5      | Entered Level 5 of the Dungeon
  4721 | D:5      | Noticed Ijyb
  4724 | D:5      | Killed Ijyb
  4804 | D:5      | Reached skill level 6 in Spellcasting
  4832 | D:5      | Found a staircase to the Ecumenical Temple.
  4942 | Temple   | Entered the Ecumenical Temple
  5133 | Temple   | Became a worshipper of Vehumet
  5331 | D:5      | Noticed Edmund
  5348 | D:5      | Killed Edmund
  5349 | D:5      | Reached skill level 5 in Conjurations
  5477 | D:5      | Reached XP level 8. HP: 41/41 MP: 19/20
  5544 | D:5      | Found a sacrificial altar of Ru.
  5716 | D:5      | Noticed Grinder
  5722 | D:5      | Killed Grinder
  5723 | D:5      | Reached skill level 7 in Spellcasting
  6278 | D:6      | Noticed Sigmund
  6296 | D:6      | Killed Sigmund
  6297 | D:6      | Reached skill level 8 in Spellcasting
  6632 | D:6      | Found a shadowy altar of Dithmenos.
  6804 | D:6      | Reached XP level 9. HP: 38/45 MP: 23/23
  7076 | D:6      | Reached * piety under Vehumet
  7076 | D:6      | Offered knowledge of Magic Dart by Vehumet.
  7201 | D:7      | Found an opulent altar of Gozag.
  7447 | D:7      | Noticed a fire crab
  7460 | D:7      | a fire crab changed into an entropy weaver
  7460 | D:7      | Noticed an entropy weaver (shapeshifter)
  7466 | D:7      | Noticed a meliai
  7470 | D:7      | Killed a meliai
  7676 | D:7      | Noticed a freezing wraith
  7677 | D:7      | Reached skill level 9 in Spellcasting
  7692 | D:7      | Killed a freezing wraith
  8005 | D:7      | Found a bloodstained altar of Trog.
  8170 | D:7      | Offered knowledge of Freeze by Vehumet.
  8172 | D:7      | Reached ** piety under Vehumet
  8382 | D:7      | Identified the +0 robe "Keadiq" {Stlth+}
  8701 | D:8      | Reached XP level 10. HP: 50/50 MP: 25/25
  8732 | D:8      | Reached skill level 10 in Spellcasting
  8738 | D:8      | Slain by a troll

Illustrated notes

Levels and vault maps discovered:
D:1:      pf_arrival_petrified_forest, layout_loops_ring,
          kennysheep_another_room
D:2:      minmay_angry_zag, layout_loops_ring, basic_altar,
          nicolae_concentric_dashed_squares_wild, uniq_robin, uniq_jessica
D:3:      layout_basic, serial_rivers, chequers_serial_rivers_room_b,
          chequers_serial_rivers_room_b, chequers_serial_rivers_small_a,
          chequers_serial_rivers_micro_b, chequers_serial_rivers_micro_a,
          ebering_ghost_sewer_f
D:4:      layout_loops_ring
D:5:      layout_gridville, nicolae_ru_great_annihilating_truth,
          minmay_temple_entry_arrows, uniq_grinder, uniq_edmund, uniq_ijyb
D:6:      layout_basic, lemuel_crystal_altar, kennysheep_dice, uniq_sigmund
D:7:      minmay_the_grid_four_pointed_star
          [minmay_the_grid_triangle_9x9_thin_v,
          minmay_the_grid_triangle_9x9_checkered,
          minmay_the_grid_triangle_9x9_stretched_checkered,
          minmay_the_grid_triangle_9x9_corruption,
          minmay_the_grid_prize_diamond_cup], layout_loops_ring,
          mainiacjoe_overflow_catwalk, nicolae_overflow_crystal_walls,
          enter_bailey_5
D:8:      layout_cave_pools, erik_lair_island, guppyfry_early_elven_hall,
          uniq_maggie
Temple:   nicolae_temple_bog_church

Skill      XL: |  1  2  3  4  5  6  7  8  9 10 |
---------------+-------------------------------+-----
Dodging        | 3 4 5 6 7 9 |  9.0
Conjurations   | 2 3 4 5 6 8 |  8.2
Fire Magic     | 4 5 6 7 8 |  8.5
Spellcasting   | 4 5 6 8 9 10 | 10.0
Stealth        | |  2.4

Action                     |  1- 3 |  4- 6 |  7- 9 | 10-12 || total
---------------------------+-------+-------+-------+-------++-------
  Melee: Dagger            |       |       |     2 |       ||     2
   Cast: Foxfire           |    52 |   105 |    77 |     6 ||   240
         Scorch            |    16 |    59 |   114 |     3 ||   192
         Flame Wave        |       |       |       |     1 ||     1
    Use: Scroll            |       |       |     7 |       ||     7
         Potion            |       |       |       |     1 ||     1
 Armour: Robe              |     6 |     9 |    26 |     1 ||    42
  Dodge: Dodged            |    16 |    44 |    43 |    12 ||   115

Table legend: (Time is in decaauts)
 A = Elapsed time spent in this place.
 B = Non-inter-level travel time spent in this place.
 C = Inter-level travel time spent in this place.
 D = Time resting spent in this place.
 E = Time spent auto-exploring this place.
 F = Levels seen in this place.
 G = Mean time per level.
                   A        B        C        D        E       F      G
               +--------+--------+--------+--------+--------+-----+--------+
         Total |   8751 |   8386 |    365 |   1766 |   5248 |   9 |  972.3 |
       Dungeon |   8539 |   8189 |    350 |   1766 |   5069 |   8 | 1067.4 |
        Temple |    212 |    197 |     15 |      0 |    179 |   1 |  212.0 |
               +--------+--------+--------+--------+--------+-----+--------+

Top non-repeatable levels by time:
     D:7: 1474 daAuts
     D:3: 1451 daAuts
     D:5: 1279 daAuts
     D:1: 1229 daAuts
     D:4: 1069 daAuts
     D:6: 980 daAuts
     D:2: 969 daAuts
  Temple: 212 daAuts
     D:8: 84 daAuts
